 Dungeon Crawl Stone Soup version 0.30-a0-279-g4b46babb21 (webtiles) character file.

Game seed: 3796502785155215112

1722 Lanoc the Frost Mage (level 8, -1/31 HPs)
             Began as a Felid Ice Elementalist on Oct 16, 2022.
             Was a Believer of Qazlal.
             Slain by a wight
             ... wielding a +5 halberd
              (14 damage)
             ... on level 8 of the Dungeon.
             The game lasted 00:21:58 (9625 turns).

Lanoc the Frost Mage (Felid Ice Elementalist)       Turns: 9625, Time: 00:21:59

Health: -1/31      AC:  6    Str:  4    XL:     8   Next: 75%
Magic:  2/12       EV: 28    Int: 20    God:    Qazlal [**....]
Gold:   267        SH:  3    Dex: 23    Spells: 1/11 levels left
                                        Lives:  0   Deaths: 2

rFire   . . .      SeeInvis +    (weapon unavailable)
rCold   . . .      Faith    .    (shield unavailable)
rNeg    . . .      Spirit   .    (body armour unavailable)
rPois   .          Reflect  .    (helmet unavailable)
rElec   .          Harm     .    (cloak unavailable)
rCorr   .          Rampage  .    (gloves unavailable)
Will    +....                    (boots unavailable)
Stlth   +++.......               (no amulet)
HPRegen 0.25/turn                y - +4 ring of protection
MPRegen 0.13/turn                B - +6 ring of dexterity

@: freezing walls, quick
A: very small, claws 1, fangs 3, see invisible, speed 1, shaggy fur 2, stealthy
paws, no weapons or thrown items, no armour, multi-lived
a: Renounce Religion, Upheaval


You were on level 8 of the Dungeon.
You worshipped Qazlal.
Qazlal was pleased with you.
You visited 2 branches of the dungeon, and saw 10 of its levels.
You also visited: Sewer.

You collected 393 gold pieces.
You spent 126 gold pieces at shops.

Inventory:

Jewellery
 y - a +4 ring of protection (left paw)
 A - an amulet of guardian spirit
 B - a +6 ring of dexterity (right paw)
Wands
 t - a wand of light (6)
Scrolls
 a - a scroll of immolation {unknown}
 b - 4 scrolls of butterflies
 d - a scroll of poison
 h - 2 scrolls of summoning {unknown}
 p - 5 scrolls of enchant weapon {unknown}
 r - a scroll of blinking {unknown}
 s - 2 scrolls of fear
 u - a scroll of identify
 w - 2 scrolls of amnesia
 x - 3 scrolls of teleportation
Potions
 c - 9 potions of curing {unknown}
 e - a potion of might {unknown}
 f - a potion of attraction {unknown}
 g - a potion of ambrosia {unknown}
 i - a potion of cancellation {unknown}
 k - 4 potions of mutation {unknown}
 l - 3 potions of lignification {unknown}
 m - 3 potions of haste {unknown}
 n - 2 potions of brilliance
 o - a potion of flight
 q - a potion of resistance {unknown}
 C - a potion of heal wounds {unknown}


   Skills:
 + Level 11.4 Dodging
 - Level 3.7 Stealth
 - Level 2.2 Spellcasting
 * Level 11.6 Ice Magic


You had one spell level left.
You knew the following spells:

 Your Spells              Type           Power      Damage    Failure   Level
a - Freeze                Ice            100%       1d10      1%          1
b - Frozen Ramparts       Ice            96%        1d15      1%          3
c - Ozocubu's Armour      Ice            48%        N/A       1%          3
d - Hailstorm             Conj/Ice       25%        3d7       4%          3

Your spell library contained the following spells:

 Spells                   Type           Power      Damage    Failure   Level
 Sandblast                Erth           4%         2d4       16%         1
 Summon Small Mammal      Summ           8%         N/A       16%         1
 Summon Ice Beast         Ice/Summ       25%        N/A       14%         4
 Cigotuvi's Dreadful Rot  Necr/Pois/Air  4%         N/A       24%         2
 Dazzling Flash           Conj/Hex       4%         N/A       43%         3
 Gell's Gravitas          Tloc           2%         N/A       43%         3
 Lesser Beckoning         Tloc           4%         N/A       43%         3
 Teleport Other           Tloc           2%         N/A       43%         3
 Dispel Undead            Necr           2%         3d7       83%         4
 Agony                    Necr           2%         N/A       99%         5
 Silence                  Hex/Air        1%         N/A       99%         5
 Death Channel            Necr           1%         N/A       100%        6
 Dispersal                Tloc           1%         N/A       100%        6
 Lehudib's Crystal Spear  Conj/Erth      1%         10d2      100%        8
 Shatter                  Erth           1%         3d5*      100%        9


Dungeon Overview and Level Annotations

Branches:
Dungeon (9/15)             Temple (1/1) D:7           Sewer (visited)
   Lair: D:8-11         Orc: D:9-12

Altars:
Ashenzari
Cheibriados
Dithmenos
Elyvilon
Fedhas
Gozag
Hepliaklqana
Kikubaaqudgha
Makhleb
Nemelex Xobeh
Okawaru
Qazlal
Sif Muna
Uskayaw
Vehumet
Wu Jian
Xom
Zin
The Shining One

Shops:
D:6 *   D:8 *   D:9 *

Annotations:
D:3 3 runed translucent doors, Notanamesir's ghost, amateur NaHW


Innate Abilities, Weirdness & Mutations

You have sharp claws.
You have razor-sharp teeth.
You have supernaturally acute eyesight. (SInv)
You cover ground quickly. (Speed+)
You are covered in thick fur. (AC +2)
Your paws help you pounce on unaware monsters.
You are incapable of wielding weapons or throwing items.
You cannot wear armour.
You gain extra lives every three experience levels.


Message History

You scratch the wight but do no damage.
The wight is severely damaged.
The wight resists.
The wall freezes the wight.
The wight closely misses you.
The wall freezes the wight but does no damage.
The wight closely misses you.
You scratch the wight.
You destroy the wight!
Qazlal accepts your kill.
The wight resists.
The wall freezes the wight.
The wight barely misses you.
Your life force feels restored.
Your icy armour and frozen ramparts will break if you move.
Continue?
Your icy armour cracks and falls away as you move.
The frozen ramparts melt away as you move.
The wight completely misses you.
Things that are here:
a +0 flail; a +0 robe
Casting: Frozen Ramparts (safe; 1% risk of failure)
Confirm with . or Enter, or press ? or * to list all spells.
Casting: Frozen Ramparts (safe; 1% risk of failure)
Press: ? - help, Dir - look around, f - activate The walls around you are covered in ice.
The wight completely resists.
The wall freezes the wight but does no damage.
The wight barely misses you.
You scratch the wight but do no damage.
The wight is moderately damaged.
The wight resists.
The wall freezes the wight.
You block the wight's attack.
You closely miss the wight. You bite the wight.
The wight is heavily damaged.
The wight resists.
The wall freezes the wight.
The wight completely misses you.
You scratch the wight but do no damage.
The wight is severely damaged.
The wight completely resists.
The wall freezes the wight but does no damage.
The wight completely misses you.
You barely miss the wight.
The wight is severely damaged.
The wall freezes the wight but does no damage.
The wight hits you with a +5 halberd!
You die...

### ########.### ####
#..........##### #..#########
##.....(.......#######...........
#####...#######.@z).#............
..#...### ######.)######.....
#...### ###.## #..... #.###
#####....## ##.... #.#
##.........# #.... #.#
##..........## #.... .##
#............# #.... ##
#.............## ##...
#..............# #...


You could see a wight.

Vanquished Creatures
  9 yaks (D:9)
  A steam dragon (D:7)
  Edmund (D:4)
  A water moccasin (D:7)
  2 ice beasts (D:6)
  2 sky beasts
  A black bear (D:6)
  An ogre (D:5)
  A centaur (D:9)
  A gnoll sergeant (D:9)
  3 bullfrogs
  3 necrophages
  2 scorpions
  4 wights (D:8)
  4 killer bees
  5 howler monkeys (D:7)
  3 hounds
  A jelly (D:2)
  A gnoll bouda (D:9)
  8 orc priests
  7 iguanas
  5 orc wizards
  A hell rat (Sewer)
  14 adders
  10 gnolls (D:9)
  3 river rats (Sewer)
  2 ufetubi
  3 worms
  6 dart slugs
  24 orcs
  14 ball pythons
  16 endoplasms
  3 giant cockroaches
  2 goblins
  3 hobgoblins
  2 jackals (D:1)
  13 kobolds
  4 quokkas
  7 bats
  3 frilled lizards (D:1)
  7 rats
203 creatures vanquished.

Vanquished Creatures (others)
  8 fungi (D:2)
  8 toadstools (D:2)
  A withered plant (D:9)
17 creatures vanquished.

Grand Total: 220 creatures vanquished

Notes
Turn   | Place    | Note
-------+----------+-------------------------------------------
     0 | D:1      | Lanoc the Felid Ice Elementalist began the quest for the
                  | Orb.
     0 | D:1      | Reached XP level 1. HP: 7/7 MP: 4/4
   136 | D:1      | Reached XP level 2. HP: 5/11 MP: 0/6
   379 | D:1      | Got the Compilation of the Sandy Gathering
   750 | D:1      | Reached XP level 3. HP: 8/14 MP: 5/7
   838 | D:1      | Learned a level 3 spell: Frozen Ramparts
  2116 | D:2      | Reached XP level 4. HP: 14/18 MP: 4/8
  2391 | D:3      | Reached XP level 5. HP: 21/21 MP: 6/9
  2538 | D:3      | Found a runed translucent gate.
  2538 | D:3      | Found a runed translucent gate.
  2539 | D:3      | Found a runed translucent gate.
  2548 | D:3      | Noticed Notanamesir's ghost (amateur NaHW)
  2718 | D:3      | Found a glowing golden altar of the Shining One.
  3096 | D:4      | Found a glowing drain.
  3103 | D:4      | Reached skill level 5 in Ice Magic
  3121 | Sewer    | Entered a sewer
  3578 | D:4      | HP: 1/21 [iguana (9)]
  3581 | D:4      | Reached skill level 5 in Dodging
  3581 | D:4      | Gained mutation: You are covered in thick fur. (AC +2)
                  | [Felid growth]
  3581 | D:4      | Reached XP level 6. HP: 2/24 MP: 3/10
  3689 | D:4      | Noticed Edmund
  3702 | D:4      | Killed Edmund
  3831 | D:4      | Learned a level 3 spell: Ozocubu's Armour
  4329 | D:4      | Reached XP level 7. HP: 27/27 MP: 5/11
  4846 | D:5      | Entered Level 5 of the Dungeon
  5034 | D:5      | You fall into a shaft and drop 2 floors!
  5351 | D:7      | Found a staircase to the Ecumenical Temple.
  5363 | D:7      | Reached XP level 8. HP: 31/31 MP: 2/12
  5368 | Temple   | Entered the Ecumenical Temple
  5607 | Temple   | Became a worshipper of Qazlal Stormbringer
  6017 | D:6      | Found an ornate altar of the Wu Jian Council.
  6319 | D:5      | Identified the +5 leather armour of Uskayaw's Inspiration
                  | {rN+}
  6462 | D:5      | Reached * piety under Qazlal
  6701 | D:5      | Found an opulent altar of Gozag.
  6839 | D:5      | Found a radiant altar of Vehumet.
  7390 | D:6      | Reached XP level 9. HP: 23/34 MP: 9/13
  7907 | D:6      | Found Ixack's CLEARANCE SALE!.
  8056 | D:7      | Reached skill level 10 in Ice Magic
  8718 | D:9      | Found an ancient bone altar of Kikubaaqudgha.
  8755 | D:9      | Reached skill level 10 in Dodging
  8854 | D:9      | Found a hazy altar of Hepliaklqana.
  8859 | D:9      | Learned a level 3 spell: Hailstorm
  8976 | D:9      | Identified the +1 spear of the Endless Expanse {vorpal,
                  | Dex+6}
  9009 | D:9      | HP: 1/34 [wight/+0 trident (13)]
  9009 | D:9      | Slain by a wight
  9010 | D:9      | Reached XP level 8. HP: 0/29 MP: 10/12
  9145 | D:9      | Reached ** piety under Qazlal
  9146 | D:9      | Reached XP level 9. HP: 19/34 MP: 7/13
  9245 | D:9      | Found a burning altar of Makhleb.
  9258 | D:9      | Found Cesk's Assorted Antiques.
  9270 | D:9      | Bought a scroll of identify for 44 gold pieces
  9270 | D:9      | Bought a bubbling sapphire potion for 19 gold pieces
  9270 | D:9      | Bought a bubbling coppery potion for 19 gold pieces
  9270 | D:9      | Bought a scroll of identify for 44 gold pieces
  9407 | D:8      | HP: 1/34 [killer bee (5)]
  9407 | D:8      | Slain by a killer bee
  9408 | D:8      | Reached XP level 8. HP: -4/31 MP: 0/12
  9625 | D:8      | Slain by a wight

Illustrated notes

Levels and vault maps discovered:
D:1:      dpeg_arrival_pits, layout_basic, hex_medium
D:2:      cheibrodos_fertilizer, layout_basic
D:3:      layout_basic, mainiacjoe_overflow_six_doors_small,
          ebering_ghost_rock_garden, serial_glass, glass_columns_b,
          glass_columns_a
D:4:      layout_basic, cheibrodos_sewer_entry_sluice, minmay_snake_closets,
          uniq_edmund
D:5:      nicolae_cairo_tiling_very_big, layout_loops_cross,
          mainiacjoe_overflow_chevrons, marbit_many_paths, moated_statue
D:6:      layout_rooms, mainiacjoe_overflow_catwalk, nicolae_shop_clearance
D:7:      layout_loops_ring, minmay_temple_entry_fiery, grunt_ministairs_10
D:8:      layout_cave_pods, general_overflow_altar,
          mainiacjoe_overflow_24_doors, grunt_decor_fettered
D:9:      minmay_klotski, layout_basic,
          mainiacjoe_overflow_concentric_impassable,
          worldfamousw_hep_ancestral_shrine, kiku_gazebo_garden_becter,
          serial_shops, nicolae_shop_statue_plus
Temple:   minmay_temple_bridge_abc

Skill      XL: |  1  2  3  4  5  6  7  8  9 |
---------------+----------------------------+-----
Stealth        | 3 |  3.7
Dodging        | 3 4 5 6 7 9 11 | 11.4
Ice Magic      | 4 5 6 7 11 10 | 11.6
Spellcasting   | |  2.2

Action                   |  1- 3 |  4- 6 |  7- 9 || total
-------------------------+-------+-------+-------++-------
Melee: Unarmed           |    45 |    71 |   263 ||   379
       Bite              |     4 |     6 |    40 ||    50
       Punch             |       |       |     4 ||     4
 Cast: Freeze            |    41 |    77 |    47 ||   165
       Frozen Ramparts   |     2 |     9 |    51 ||    62
       Ozocubu's Armour  |       |       |    11 ||    11
       Hailstorm         |       |       |     1 ||     1
  Use: Scroll            |       |     6 |     5 ||    11
       Potion            |       |     1 |       ||     1
 Stab: Sleeping          |    11 |     6 |    10 ||    27
Armor: Skin              |     5 |     8 |    50 ||    63
Dodge: Dodged            |    63 |   120 |   355 ||   538
Block: Other             |       |       |    10 ||    10

Table legend: (Time is in decaauts)
 A = Elapsed time spent in this place.
 B = Non-inter-level travel time spent in this place.
 C = Inter-level travel time spent in this place.
 D = Time resting spent in this place.
 E = Time spent auto-exploring this place.
 F = Levels seen in this place.
 G = Mean time per level.
                   A        B        C        D        E       F      G
               +--------+--------+--------+--------+--------+-----+--------+
         Total |   8474 |   8217 |    257 |     77 |   6516 |  11 |  770.4 |
       Dungeon |   7896 |   7657 |    239 |      0 |   6093 |   9 |  877.3 |
        Temple |    301 |    284 |     17 |     77 |    198 |   1 |  301.0 |
         Sewer |    276 |    276 |      0 |      0 |    224 |   1 |  276.0 |
               +--------+--------+--------+--------+--------+-----+--------+

Top non-repeatable levels by time:
     D:4: 1355 daAuts
     D:5: 1083 daAuts
     D:7: 1040 daAuts
     D:2: 1007 daAuts
     D:1: 904 daAuts
     D:6: 886 daAuts
     D:3: 718 daAuts
     D:9: 618 daAuts
  Temple: 301 daAuts
     D:8: 282 daAuts
   Sewer: 276 daAuts
